 Dungeon Crawl Stone Soup version 0.28-a0-48-gfd831c5874 (webtiles) character file.

Game seed: 15431946644946228009

9 Foolio the Chiller (level 2, 0/15 HPs)
             Began as a Gargoyle Ice Elementalist on July 30, 2021.
             Slain by a quokka (4 damage)
             ... on level 1 of the Dungeon.
             The game lasted 00:01:00 (370 turns).

Foolio the Chiller (Gargoyle Ice Elementalist)       Turns: 370, Time: 00:01:00

Health: 0/15       AC:  4    Str: 11    XL:     2   Next: 12%
Magic:  1/5        EV: 12    Int: 15    God:
Gold:   0          SH:  0    Dex: 10    Spells: 4/5 levels left

rFire   . . .      SeeInvis .   (no weapon)
rCold   . . .      Faith    .   (no shield)
rNeg    + . .      Spirit   .   a - +0 robe
rPois   ∞          Reflect  .   (no helmet)
rElec   +          Harm     .   (no cloak)
rCorr   .          Rampage  .   (no gloves)
Will    .....                   (no boots)
Stlth   ++........              (no amulet)
HPRegen 0.05/turn               (no ring)
MPRegen 0.09/turn               (no ring)

@: no status effects
A: sickness immunity, AC +2, negative energy resistance 1, electricity
resistance, torment resistance 1, petrification resistance
a: no special abilities


You were on level 1 of the Dungeon.
You visited 1 branch of the dungeon, and saw 1 of its levels.

Inventory:

Armour
 a - a +0 robe (worn)


   Skills:
 + Level 1.8 Dodging
 + Level 2.2 Stealth
 + Level 2.0 Spellcasting
 + Level 4.2 Ice Magic


You had 4 spell levels left.
You knew the following spells:

 Your Spells              Type           Power      Damage    Failure   Level
a - Freeze                Ice            56%        1d7       3%          1

Your spell library contained the following spells:

 Spells                   Type           Power      Damage    Failure   Level
 Frozen Ramparts          Ice            28%        1d4       12%         3
 Ozocubu's Armour         Ice            14%        N/A       12%         3
 Hailstorm                Conj/Ice       7%         3d4       67%         4


Dungeon Overview and Level Annotations

Branches:
Dungeon (1/15)

Altars:


Innate Abilities, Weirdness & Mutations

You are immune to sickness and miasma.
Your stone body is resilient. (AC +2)
You are immune to poison.
You resist negative energy. (rN+)
You are resistant to electric shocks. (rElec)
You are resistant to unholy torment.
You are immune to petrification.


Message History

Things that are here:
a hobgoblin corpse; a jackal corpse
Casting: Freeze (safe; 3% risk of failure)
Confirm with . or Enter, or press ? or * to list all spells.
Aiming: Freeze (safe; 3% risk of failure)
Press: ? - help, Shift-Dir - straight line, f - quokka
Aim: a quokka You freeze the quokka.
The quokka is moderately wounded.
The bat hits you but does no damage. x2; The quokka barely misses you.
The bat barely misses you.
Casting: Freeze (safe; 3% risk of failure)
Confirm with . or Enter, or press ? or * to list all spells.
You don't know that spell.
You closely miss the bat. The bat hits you but does no damage.
You closely miss the quokka.
The quokka is moderately wounded.
The bat barely misses you. The quokka barely misses you.
The bat closely misses you.
Casting: Freeze (safe; 3% risk of failure)
Confirm with . or Enter, or press ? or * to list all spells.
You don't have enough magic to cast this spell.
You miss the quokka.
The quokka is moderately wounded.
The bat hits you but does no damage. The quokka misses you.
The quokka closely misses you.
You barely miss the quokka.
The quokka is moderately wounded.
The bat hits you but does no damage. The quokka closely misses you.
You hit the quokka but do no damage.
The quokka is moderately wounded.
The bat hits you but does no damage. The quokka bites you.
You hit the quokka but do no damage.
The quokka is moderately wounded.
The bat hits you but does no damage. The quokka bites you.
* * * LOW HITPOINT WARNING * * *
You closely miss the quokka.
The quokka is moderately wounded.
The quokka bites you.
You die...

#. #.# #+##. #.# #..# ##
#.####..# #.
#####...#..########.
#.........###PP.....
#.#.......#♣....♣..P
###....##÷......P.....
+....b...÷>.....♣♣...P .
##..@.......#.#......
...######r#.######...#...#
.....b...b#.# #....>...
..........#.# #.#.####.
#........h#.# #.#.# .
#.........#.# #.#.# .
..........#.# #.#..
#...........# #....
..........### #.....


You could see a quokka, a jackal and 2 bats.

Vanquished Creatures
  A hobgoblin (D:1)
  5 jackals (D:1)
  A frilled lizard (D:1)
7 creatures vanquished.

Notes
Turn   | Place    | Note
-------+----------+-------------------------------------------
     0 | D:1      | Foolio the Gargoyle Ice Elementalist began the quest for
                  | the Orb.
     0 | D:1      | Reached XP level 1. HP: 10/10 MP: 3/3
   347 | D:1      | Reached XP level 2. HP: 14/15 MP: 3/5
   370 | D:1      | Slain by a quokka

Illustrated notes

Levels and vault maps discovered:
D:1:      denvon_arrival_planthouse, layout_loops_corners, minmay_cut_off

Action                   || total
-------------------------++-------
Melee: Unarmed           ||    34
 Cast: Freeze            ||     9
Armor: Robe              ||    24
Dodge: Dodged            ||    45

Table legend: (Time is in decaauts)
 A = Elapsed time spent in this place.
 B = Non-inter-level travel time spent in this place.
 C = Inter-level travel time spent in this place.
 D = Time resting spent in this place.
 E = Time spent auto-exploring this place.
 F = Levels seen in this place.
 G = Mean time per level.
                   A        B        C        D        E       F      G
               +--------+--------+--------+--------+--------+-----+--------+
         Total |    370 |    370 |      0 |    272 |     35 |   1 |  370.0 |
       Dungeon |    370 |    370 |      0 |    272 |     35 |   1 |  370.0 |
               +--------+--------+--------+--------+--------+-----+--------+

Top non-repeatable levels by time:
     D:1: 370 daAuts
